 Dungeon Crawl Stone Soup version 0.31.0-12-g77e489cdc1 (webtiles) character file.

Game seed: 11237706895700207937

2152 PriceMaster the Shooter (level 9, 0/44 HPs)
             Began as a Spriggan Hexslinger on Mar 3, 2024.
             Succumbed to a killer bee's poison
             ... on level 7 of the Dungeon.
             The game lasted 00:15:08 (7586 turns).

PriceMaster the Shooter (Spriggan Hexslinger)       Turns: 7586, Time: 00:15:08

Health: 0/44       AC:  2    Str:  4    XL:     9   Next: 10%
Magic:  4/19       EV: 20    Int: 14    God:
Gold:   380        SH:  0    Dex: 22    Spells: 7/20 levels left

rFire   . . .        a - +2 sling
rCold   . . .        (no shield)
rNeg    . . .        w - +0 robe {Will+}
rPois   .            (helmet restricted)
rElec   .            (no cloak)
rCorr   .            (gloves unavailable)
SInv    +            (boots unavailable)
Will    ++...        k - amulet of faith
Stlth   +++          p - ring of wizardry
HPRegen 0.27/turn    (no ring)
MPRegen 0.16/turn

%: faith, wizardry (x1)
@: lethally poisoned (0 -> -6), on berserk cooldown, slowed, quick
A: very small, no large weapons, unfitting armour, see invisible, speed 3
a: no special abilities


You were on level 7 of the Dungeon.
You visited 1 branch of the dungeon, and saw 7 of its levels.

You collected 380 gold pieces.

Inventory:

Hand Weapons
 a - a +2 sling (weapon)
 h - a +0 falchion of protection
 m - a +2 dagger of holy wrath
Missiles
 j - 2 throwing nets
Armour
 c - a +0 robe
 w - a +0 robe of willpower (worn)
Jewellery
 k - an amulet of faith (around neck)
 p - a ring of wizardry (left hand)
 x - a +6 ring of dexterity
Talismans
 g - a dragon-blood talisman
Wands
 y - a wand of digging (2)
Scrolls
 b - 2 scrolls of poison
 f - a scroll of revelation
 l - a scroll of enchant weapon
 q - a scroll of fear
 u - a scroll of immolation
 z - a scroll of amnesia
 A - a scroll of noise
 B - a scroll of enchant armour
Potions
 d - a potion of magic
 i - 2 potions of attraction
 s - a potion of haste {unknown}
 t - a potion of invisibility {unknown}
 v - 4 potions of cancellation {unknown}


   Skills:
 + Level 3.2 Fighting
 + Level 0.1 Long Blades
 + Level 7.6 Ranged Weapons
 + Level 4.3 Dodging
 + Level 2.3 Stealth
 + Level 6.1 Spellcasting
 + Level 7.4 Hexes
 + Level 0.4 Translocations
 + Level 2.3 Fire Magic


You had 7 spell levels left.
You knew the following spells:

 Your Spells              Type           Power      Damage    Failure   Level
a - Jinxbite              Hex            50%        N/A       1%          2
b - Inner Flame           Hex/Fire       17%        N/A       2%          3
c - Dimensional Bullseye  Hex/Tloc       7%         N/A       12%         4
d - Cause Fear            Hex            12%        N/A       3%          4

Your spell library contained the following spells:

 Spells                   Type           Power      Damage    Failure   Level
 Confusing Touch          Hex            25%        N/A       1%          3
 Sigil of Binding         Hex            25%        N/A       1%          3
 Tukima's Dance           Hex            25%        N/A       1%          3
 Apportation              Tloc           10%        N/A       5%          1
 Kiss of Death            Conj/Necr      16%        2d6       6%          1
 Iskenderun's Mystic Bla  Conj/Tloc      4%         2d3       47%         4
 Dispel Undead            Necr           4%         3d7       50%         4
 Alistair's Intoxication  Alch           2%         N/A       83%         5


Dungeon Overview and Level Annotations

Branches:
Dungeon (7/15)             Temple (0/1) D:5

Altars:
Yredelemnul

Shops:
D:7 (


Innate Abilities, Weirdness & Mutations

You are very small and have problems with some larger weapons.
You are too small for most types of armour.
You have supernaturally acute eyesight. (SInv)
You cover ground extremely quickly. (Speed+++)


Message History

You are poisoned.
The killer bee poisons you!
Cornered, the killer bee turns to fight!
The killer bee closely misses you.
Casting: Cause Fear (dangerous; 3% risk of failure)
Confirm with . or Enter, or press ? or * to list all spells.
You don't have enough magic to cast this spell.
You shoot a sling bullet. The sling bullet misses the killer bee.
You feel sick. The killer bee barely misses you. x2
You shoot a sling bullet. The killer bee buzzes angrily.
The sling bullet hits the killer bee.
Flame seeps out of the killer bee.
The killer bee is moderately wounded.
You feel sick.
The killer bee is engulfed in blazing flames.
Flame seeps out of the killer bee.
The killer bee stings you!
You are more poisoned.
The killer bee poisons you!
The killer bee is engulfed in blazing flames.
The killer bee explodes!
The fiery explosion engulfs you!!
Ouch! That really hurt!
* * * LOW HITPOINT WARNING * * *
The fiery explosion engulfs the killer bee!!
You kill the killer bee!
You hear a shout!
You hear an angry hiss.
Your Spellcasting skill increases to level 6!
A red film seems to cover your vision as you go berserk!
You feel yourself moving faster!
You feel mighty!
* * * LOW HITPOINT WARNING * * *
You feel sick.
You are too berserk!
You feel a strong urge to attack something.
* * * LOW HITPOINT WARNING * * *
You feel sick.
You are too berserk!
You feel your anger nearly subside.
You are no longer berserk.
You are exhausted.
You feel yourself slow down.
You die...

#............#
#............#
#............#
#........8y.##
#####..##.'##
##+##.##..##∩..##
#....§†....#....#
+....y°§...+<..##
#..@..§§...#...#
#..........#8..#
############.)+#
##..# #.........
#.......y<
+.........
##...##..# #...#
###


You could see a killer bee.

Vanquished Creatures
  Joseph (D:7)
  Menkaure (D:5)
  Edmund (D:5)
  A water moccasin (D:6)
  An orc warrior (D:6)
  A sky beast (D:6)
  3 ice beasts
  2 ogres
  A scorpion (D:5)
  4 killer bees
  3 bombardier beetles
  3 hounds (D:6)
  A jelly (D:4)
  An iguana (D:5)
  Jessica (D:2)
  2 sleepcaps (D:6)
  Terence (D:2)
  4 orc wizards
  Robin (D:2)
  3 gnolls (D:2)
  3 adders
  A shadow imp (D:6)
  3 dart slugs
  6 orcs
  5 ball pythons
  6 bats
  9 endoplasms
  3 giant cockroaches
  13 goblins
  7 hobgoblins
  5 jackals
  4 quokkas
  4 frilled lizards
  8 kobolds
  A rat (D:1)
114 creatures vanquished.

Notes
Turn   | Place    | Note
-------+----------+-------------------------------------------
     0 | D:1      | PriceMaster the Spriggan Hexslinger began the quest for the
                  | Orb.
     0 | D:1      | Reached XP level 1. HP: 9/9 MP: 3/3
   265 | D:1      | Reached XP level 2. HP: 12/14 MP: 5/5
   372 | D:1      | Learned a level 2 spell: Jinxbite
  1101 | D:1      | Reached skill level 1 in Fighting
  1249 | D:2      | Noticed Robin
  1303 | D:2      | Reached XP level 3. HP: 8/18 MP: 4/6
  1322 | D:2      | Killed Robin
  1587 | D:2      | Noticed Jessica
  1589 | D:2      | Killed Jessica
  1589 | D:2      | Noticed Terence
  1590 | D:2      | Reached XP level 4. HP: 22/22 MP: 7/7
  1601 | D:2      | Killed Terence
  2139 | D:2      | Reached XP level 5. HP: 25/25 MP: 4/8
  2803 | D:3      | Noticed an ogre
  2814 | D:3      | Killed an ogre
  2815 | D:3      | Reached skill level 5 in Ranged Weapons
  2815 | D:3      | Reached XP level 6. HP: 30/30 MP: 8/10
  2986 | D:3      | Learned a level 3 spell: Inner Flame
  3136 | D:4      | Noticed an ice beast
  3240 | D:4      | Killed an ice beast
  3241 | D:4      | Reached skill level 5 in Hexes
  3622 | D:4      | Reached skill level 1 in Fire Magic
  3622 | D:4      | Reached XP level 7. HP: 35/35 MP: 6/12
  3876 | D:5      | Entered Level 5 of the Dungeon
  4102 | D:5      | Noticed Edmund
  4142 | D:5      | Killed Edmund
  4143 | D:5      | Reached skill level 1 in Stealth
  4455 | D:5      | Noticed Menkaure
  4458 | D:5      | Killed Menkaure
  4660 | D:5      | Found a staircase to the Ecumenical Temple.
  4731 | D:5      | Found a sand-covered staircase.
  5123 | D:6      | Reached XP level 8. HP: 16/39 MP: 11/15
  6236 | D:6      | Reached skill level 5 in Spellcasting
  6421 | D:6      | Found a basalt altar of Yredelemnul.
  6598 | D:7      | Found Kuker's Weapon Emporium.
  6605 | D:7      | Noticed Joseph
  6616 | D:7      | Killed Joseph
  6909 | D:6      | Reached XP level 9. HP: 44/44 MP: 6/18
  7199 | D:6      | Learned a level 4 spell: Dimensional Bullseye
  7204 | D:6      | Learned a level 4 spell: Cause Fear
  7583 | D:7      | HP: 3/66 [poisoned by a killer bee]
  7586 | D:7      | Succumbed to a killer bee's poison

Illustrated notes

Levels and vault maps discovered:
D:1:      nicolae_arrival_somewhat_less_tricky_arrival, layout_loops_corners,
          serial_forest, infiniplex_forest_clump_double,
          infiniplex_forest_clump_tiny, infiniplex_forest_3_way,
          infiniplex_forest_diagonal, infiniplex_forest_clump_long,
          infiniplex_forest_lined_3, infiniplex_forest_lined_3_way,
          infiniplex_forest_diagonal, columned_hall_lemuel, minmay_domino_4
D:2:      layout_basic, minmay_misc_feat_four_crosses, uniq_terence,
          uniq_jessica, uniq_robin
D:3:      layout_rooms
D:4:      layout_rooms, kennysheep_opposing_triangles
D:5:      layout_cave_pods, minmay_temple_entry_hall,
          nicolae_ossuary_entry_ruins, uniq_edmund, uniq_menkaure
D:6:      layout_basic, yredelemnul_altar_generic, nicolae_tricolors
D:7:      layout_gridville, serial_shops, shop_statue, wad_mini_maze,
          uniq_joseph

Skill      XL: |  1  2  3  4  5  6  7  8  9 |
---------------+----------------------------+-----
Hexes          | 4 5 6 7 |  7.4
Dodging        | 3 4 |  4.3
Fighting       | 1 2 3 |  3.2
Ranged Weapons | 3 4 5 6 7 |  7.6
Spellcasting   | 2 3 4 5 6 |  6.1
Fire Magic     | 1 2 |  2.3
Stealth        | 1 2 |  2.3
Long Blades    | |  0.1
Translocations | |  0.4

Action                     |  1- 3 |  4- 6 |  7- 9 || total
---------------------------+-------+-------+-------++-------
  Melee: Falchion          |       |     8 |       ||     8
   Fire: Sling             |    88 |   120 |   120 ||   328
   Cast: Jinxbite          |    10 |    19 |    26 ||    55
         Inner Flame       |       |     8 |    37 ||    45
         Cause Fear        |       |       |     4 ||     4
         Dimensional Bulls |       |       |     3 ||     3
    Use: Scroll            |       |     3 |    10 ||    13
         Potion            |       |     1 |     2 ||     3
 Armour: Robe              |    16 |    12 |    30 ||    58
  Dodge: Dodged            |    46 |    46 |    80 ||   172
